AoeStats
← 2769166824

Arena

511043207Analyzed
1v1 RM · 5h ago on Oct 3, 2026· 60m 17s· 2 players
Game mode
Random Map
Map size
Tiny (2 player)
Population
200
Speed
Normal
Resources
Standard
Victory
Conquest
Starting age
Dark Age
Ending age
Imperial Age
RankedLock teamsTeams togetherTeam positionsShared explorationLock speedFull tech treeHidden civsTurbo modeCheats
Victory
Defeat
🇨🇳 Magyars · China
612
+15
🇺🇸 Japanese · United States
598
-15
tjcameron2011
4:51 Loom
10:22 Feudal Age
10:48 Double-Bit Axe
12:04 Wheelbarrow
11:11 Horse Collar
17:59 Castle Age
17:02 Forging
17:20 Scale Mail Armor
17:18 Town Watch
19:41 Bow Saw
19:29 Pikeman
20:29 Hand Cart
20:44 Squires
20:34 Arson
21:21 Chain Mail Armor
21:28 Heavy Plow
23:03 Iron Casting
24:12 Fervor
24:37 Scale Barding Armor
24:26 Fletching
26:13 Padded Archer Armor
28:26 Masonry
28:48 Bodkin Arrow
28:38 Treadmill Crane
28:26 Crossbowman
30:10 Elite Skirmisher
33:39 Thumb Ring
35:34 Yasama
36:01 Ballistics
35:37 Murder Holes
36:05 Leather Archer Armor
39:05 Imperial Age
38:31 Redemption
39:24 Heavy Scorpion
39:27 Arbalester
40:30 Conscription
40:59 Husbandry
41:09 Bloodlines
40:20 Light Cavalry
40:24 Capped Ram
42:43 Plate Mail Armor
42:50 Gambesons
43:11 Halberdier
44:11 Scale Barding Armor
50:53 Ring Archer Armor
50:35 Gold Mining
50:35 Stone Mining
51:13 Chain Barding Armor
51:05 Arrowslits
51:11 Guard Tower
51:25 Bracer
53:26 Gold Shaft Mining
54:08 Blast Furnace
54:56 Kataparuto
53:57 Elite Samurai
56:48 Cavalier
59:30 Two-Man Saw
2769166824
10:31 Feudal Age
15:41 Castle Age
26:29 Double-Bit Axe
27:29 Scale Barding Armor
30:12 Imperial Age
28:19 Bow Saw
27:55 Horse Collar
28:55 Wheelbarrow
29:08 Corvinian Army
30:29 Hand Cart
30:01 Loom
30:45 Gold Mining
30:46 Stone Mining
31:09 Masonry
31:21 Chain Barding Armor
35:06 Gold Shaft Mining
33:59 Elite Magyar Huszar
35:29 Town Watch
36:22 Plate Barding Armor
35:29 Treadmill Crane
35:47 Murder Holes
35:58 Siege Engineers
37:00 Two-Man Saw
36:02 Heavy Plow
36:39 Husbandry
36:49 Bloodlines
37:04 Pikeman
37:29 Arson
38:45 Elite Skirmisher
41:39 Thumb Ring
42:00 Parthian Tactics
42:03 Padded Archer Armor
41:53 Fletching
43:07 Chemistry
42:29 Ballistics
43:09 Leather Archer Armor
43:30 Thumb Ring
47:04 Thumb Ring
47:51 Cavalier
49:47 Thumb Ring
49:02 Crossbowman
50:52 Ring Archer Armor
50:22 Scale Mail Armor
50:18 Bodkin Arrow
51:03 Arbalester
51:52 Halberdier
52:38 Paladin
56:55 Chain Mail Armor
56:43 Bracer
56:58 Chain Mail Armor
56:37 Heated Shot
Connection lost

Rejoining the realm…

Still unreachable

The connection could not be restored.

Session expired

The server has moved on; the page needs a fresh start.